AoeStats
← perpetualsigh

Arabia

509976285Analyzed
1v1 RM · 3d ago on Sep 28, 2026· 18m 11s· 2 players
Game mode
Random Map
Map size
Tiny (2 player)
Population
200
Speed
Normal
Resources
Standard
Victory
Conquest
Starting age
Dark Age
Ending age
Imperial Age
RankedLock teamsTeams togetherTeam positionsShared explorationLock speedFull tech treeHidden civsTurbo modeCheats
Victory
Defeat
🇬🇧 Varangians · United Kingdom
782
+32
🇲🇽 Saracens · Mexico
801
-17
perpetualsigh
6:42 Loom
9:46 Feudal Age
10:23 Double-Bit Axe
15:04 Bloodlines
15:12 Horse Collar
18:02 Wheelbarrow
Tanke88
10:08 Feudal Age
11:32 Double-Bit Axe
17:28 Horse Collar
Connection lost

Rejoining the realm…

Still unreachable

The connection could not be restored.

Session expired

The server has moved on; the page needs a fresh start.